| TOP OF THE 1ST |
|
Philadelphia Phillies batting - Pitching for Washington Nationals : LHP Kerry Baty
|
|
Pitching: LHP Kerry Baty
|
|
|
Batting: SHB Lance Franklin
|
0-0: Ball 1-0: Foul Ball, location: 2F 1-1: Swinging Strike 1-2: Ball 2-2: Foul Ball, location: 2F 2-2: Ball 3-2: Foul Ball, location: 2F 3-2: Ground out 5-3 (Groundball, 56, EV 85.0 MPH)
|
|
Batting: LHB Nick Canizales
|
0-0: Swinging Strike 0-1: SINGLE (Line Drive, 3D, EV 110.0 MPH)
|
|
Batting: RHB Chef Belew
|
0-0: Ball 1-0: Ball 2-0: Called Strike 2-1: Called Strike 2-2: Foul Ball, location: 2F 2-2: Ball Wild Pitch! Nick Canizales to second 3-2: Base on Balls
|
|
Batting: RHB Mike Hanks
|
0-0: Ball 1-0: Swinging Strike 1-1: Ball 2-1: Called Strike 2-2: Ball 3-2: Foul Ball, location: 2F 3-2: Hit by Pitch Nick Canizales to third Chef Belew to second
|
|
Batting: LHB Osamu Kubo
|
0-0: Swinging Strike 0-1: Foul Ball, location: 2F 0-2: Strikes out swinging
|
|
Batting: RHB Josh Hensley
|
0-0: Called Strike 0-1: Swinging Strike 0-2: Foul Ball, location: 2F 0-2: Ball 1-2: Strikes out swinging
|
| Top of the 1st over - 0 runs, 1 hit, 0 errors, 3 left on base; Philadelphia 0 - Washington 0 |
| BOTTOM OF THE 1ST |
|
Washington Nationals batting - Pitching for Philadelphia Phillies : RHP Brian Thomas
|
|
Pitching: RHP Brian Thomas
|
|
|
Batting: RHB Tommy Baird
|
0-0: Called Strike 0-1: Fly out, F3 (Popup, 3SF, EV 73.8 MPH)
|
|
Batting: RHB Dave Vargas
|
0-0: Called Strike 0-1: Fly out, F8 (Flyball, 78M, EV 92.5 MPH)
|
|
Batting: LHB Seth Cook
|
0-0: Called Strike 0-1: Ball 1-1: Fly out, F7 (Flyball, 7, EV 85.0 MPH)
|
| Bottom of the 1st over - 0 runs, 0 hits, 0 errors, 0 left on base; Philadelphia 0 - Washington 0 |
| TOP OF THE 2ND |
|
Philadelphia Phillies batting - Pitching for Washington Nationals : LHP Kerry Baty
|
|
Batting: LHB Ryan Trombley
|
0-0: Called Strike 0-1: Ball 1-1: SINGLE (Groundball, 34D, EV 108.1 MPH)
|
|
Batting: SHB Phuck II
|
0-0: Swinging Strike 0-1: Ball 1-1: Foul Ball, location: 2F 1-2: Strikes out swinging
|
|
Batting: LHB Cody Schumacher
|
0-0: Ball 1-0: Foul Ball, location: 2F 1-1: Ball Wild Pitch! Ryan Trombley to second 2-1: Foul Ball, location: 2F 2-2: Foul Ball, location: 2F 2-2: Foul Ball, location: 2F 2-2: Hit by Pitch
|
|
Batting: SHB Lance Franklin
|
0-0: Hit by Pitch Ryan Trombley to third Cody Schumacher to second
|
|
Batting: LHB Nick Canizales
|
0-0: DOUBLE (Line Drive, 78M, EV 106.2 MPH) Ryan Trombley scores Cody Schumacher scores Lance Franklin to third Runner from 3rd tries for Home, SAFE, throw by LF to home
|
|
Batting: RHB Chef Belew
|
0-0: Foul Ball, location: 2F 0-1: Ball 1-1: Foul Ball, location: 2F 1-2: Foul Ball, location: 2F 1-2: Foul Ball, location: 2F 1-2: Ball 2-2: Ball 3-2: Foul Ball, location: 2F 3-2: Strikes out looking
|
|
Batting: RHB Mike Hanks
|
0-0: Foul Ball, location: 2F 0-1: Ball 1-1: Swinging Strike 1-2: Strikes out swinging
|
| Top of the 2nd over - 3 runs, 2 hits, 0 errors, 1 left on base; Philadelphia 3 - Washington 0 |
| BOTTOM OF THE 2ND |
|
Washington Nationals batting - Pitching for Philadelphia Phillies : RHP Brian Thomas
|
|
Batting: RHB John Sanders
|
0-0: SINGLE (Line Drive, 56D, EV 98.1 MPH)
|
|
Batting: LHB Kyung-jin Cho
|
0-0: SINGLE (Line Drive, 7S, EV 96.2 MPH) John Sanders to second
|
|
Batting: RHB Kirk Arp
|
0-0: Ball 1-0: Fly out, F8 (Flyball, 8RM, EV 83.8 MPH)
|
|
Batting: LHB Bob Melley
|
0-0: Ball 1-0: Ball 2-0: Called Strike 2-1: Ball 3-1: Base on Balls John Sanders to third Kyung-jin Cho to second
|
|
Batting: RHB Dan Fallon
|
0-0: Ball 1-0: Fly out, F6 (Popup, 6S, EV 71.9 MPH)
|
|
Batting: SHB Dylan Novakowski
|
0-0: Called Strike 0-1: Called Strike 0-2: Ball 1-2: Ball 2-2: Foul Ball, location: 2F 2-2: Ground out 1-3 (Groundball, 13S, EV 60.6 MPH)
|
| Bottom of the 2nd over - 0 runs, 2 hits, 0 errors, 3 left on base; Philadelphia 3 - Washington 0 |
| TOP OF THE 3RD |
|
Philadelphia Phillies batting - Pitching for Washington Nationals : LHP Kerry Baty
|
|
Batting: LHB Osamu Kubo
|
0-0: Called Strike 0-1: Called Strike 0-2: Ball 1-2: Ball 2-2: Strikes out swinging
|
|
Batting: RHB Josh Hensley
|
0-0: Called Strike 0-1: Foul Ball, location: 2F 0-2: Ball 1-2: Strikes out swinging
|
|
Batting: LHB Ryan Trombley
|
0-0: Called Strike 0-1: Ball 1-1: Ball 2-1: Ball 3-1: Swinging Strike 3-2: Strikes out swinging
|
| Top of the 3rd over - 0 runs, 0 hits, 0 errors, 0 left on base; Philadelphia 3 - Washington 0 |
| BOTTOM OF THE 3RD |
|
Washington Nationals batting - Pitching for Philadelphia Phillies : RHP Brian Thomas
|
|
Batting: RHB Tommy Baird
|
0-0: SINGLE (Groundball, 4MD, EV 97.5 MPH)
|
|
Batting: RHB Dave Vargas
|
0-0: Foul Ball, location: 2F 0-1: Grounds into double play, 4-6-3 (Groundball, 4, EV 83.8 MPH)
|
|
Batting: LHB Seth Cook
|
0-0: Ball 1-0: Swinging Strike 1-1: Ball 2-1: SINGLE (Groundball, 4D, EV 98.8 MPH)
|
|
Batting: RHB John Sanders
|
0-0: Ball 1-0: Called Strike 1-1: Foul Ball, location: 2F 1-2: Strikes out swinging
|
| Bottom of the 3rd over - 0 runs, 2 hits, 0 errors, 1 left on base; Philadelphia 3 - Washington 0 |
| TOP OF THE 4TH |
|
Philadelphia Phillies batting - Pitching for Washington Nationals : LHP Kerry Baty
|
|
Batting: SHB Phuck II
|
0-0: Ball 1-0: Foul Ball, location: 2F 1-1: Ball 2-1: Ball 3-1: Base on Balls
|
|
Batting: LHB Cody Schumacher
|
0-0: Called Strike 0-1: Ball 1-1: Called Strike 1-2: Ball 2-2: Foul Ball, location: 2F 2-2: Strikes out looking
|
|
Batting: SHB Lance Franklin
|
0-0: Foul Ball, location: 2F 0-1: Called Strike 0-2: Ball Phuck II is caught stealing 2nd base 2-4 1-2: Strikes out swinging
|
| Top of the 4th over - 0 runs, 0 hits, 0 errors, 0 left on base; Philadelphia 3 - Washington 0 |
| BOTTOM OF THE 4TH |
|
Washington Nationals batting - Pitching for Philadelphia Phillies : RHP Brian Thomas
|
|
Batting: LHB Kyung-jin Cho
|
0-0: Ball 1-0: SOLO HOME RUN (Flyball, 89XD, EV 109.4 MPH), Distance : 416 ft
|
|
Batting: RHB Kirk Arp
|
0-0: Ball 1-0: Called Strike 1-1: Ball 2-1: Ball 3-1: Swinging Strike 3-2: Foul Ball, location: 2F 3-2: Base on Balls
|
|
Batting: LHB Bob Melley
|
0-0: Ball Pickoff Throw by Catcher to First - Error! E2 Kirk Arp to second 1-0: Ball 2-0: Called Strike 2-1: Ball 3-1: Foul Ball, location: 2F 3-2: Foul Ball, location: 2F 3-2: Ground out U3 (Groundball, 34, EV 106.2 MPH) Kirk Arp to third
|
|
Batting: RHB Dan Fallon
|
0-0: Ball 1-0: Called Strike 1-1: Swinging Strike 1-2: Foul Ball, location: 2F 1-2: Ball 2-2: Foul Ball, location: 2F 2-2: SINGLE (Line Drive, 4M, EV 105.6 MPH) Kirk Arp scores
|
|
Batting: SHB Dylan Novakowski
|
0-0: Ball 1-0: Ball 2-0: Ball 3-0: Foul Ball, location: 2F 3-1: Base on Balls Dan Fallon to second
|
|
Batting: RHB Tommy Baird
|
0-0: Called Strike 0-1: TRIPLE (Line Drive, 7D, EV 113.1 MPH) Dan Fallon scores Dylan Novakowski scores
|
|
Batting: RHB Dave Vargas
|
0-0: Swinging Strike 0-1: Fly out, F9 (Flyball, 89M, EV 87.5 MPH) Runner from 3rd tags up, SCORES, throw by RF
|
|
Batting: LHB Seth Cook
|
0-0: Called Strike 0-1: Ball 1-1: Ball 2-1: SOLO HOME RUN (Flyball, 89XD, EV 101.9 MPH), Distance : 394 ft
|
|
Pitching: RHP David LaBounty
|
|
|
Batting: RHB John Sanders
|
0-0: Swinging Strike 0-1: Ball 1-1: Ball 2-1: Foul Ball, location: 2F 2-2: Strikes out swinging
|
| Bottom of the 4th over - 6 runs, 4 hits, 1 error, 0 left on base; Philadelphia 3 - Washington 6 |
| TOP OF THE 5TH |
|
Philadelphia Phillies batting - Pitching for Washington Nationals : LHP Kerry Baty
|
|
Batting: LHB Nick Canizales
|
0-0: Ball 1-0: Called Strike 1-1: Ball 2-1: Foul Ball, location: 2F 2-2: SINGLE (Groundball, 34D, EV 95.0 MPH)
|
|
Batting: RHB Chef Belew
|
0-0: Ball 1-0: Foul Ball, location: 2F 1-1: Ball 2-1: Called Strike 2-2: SINGLE (Groundball, 56D, EV 101.9 MPH) Nick Canizales to second
|
|
Pitching: RHP Cory Jones
|
|
|
Batting: RHB Mike Hanks
|
0-0: Grounds into double play, U5-3 (Groundball, 5L, EV 85.0 MPH) Chef Belew to second
|
|
Batting: LHB Osamu Kubo
|
0-0: Foul Ball, location: 2F 0-1: Ball 1-1: Foul Ball, location: 2F 1-2: Ground out 6-3 (Groundball, 4M, EV 90.6 MPH)
|
| Top of the 5th over - 0 runs, 2 hits, 0 errors, 1 left on base; Philadelphia 3 - Washington 6 |
| BOTTOM OF THE 5TH |
|
Washington Nationals batting - Pitching for Philadelphia Phillies : RHP David LaBounty
|
|
Batting: LHB Kyung-jin Cho
|
0-0: Ball 1-0: Ball 2-0: Ball 3-0: Base on Balls
|
|
Batting: RHB Kirk Arp
|
0-0: Foul Ball, location: 2F 0-1: Swinging Strike 0-2: Ball 1-2: Fly out, F9 (Flyball, 9LM, EV 96.2 MPH)
|
|
Batting: LHB Bob Melley
|
0-0: Swinging Strike 0-1: Foul Ball, location: 2F 0-2: Ball 1-2: Strikes out swinging
|
|
Batting: RHB Dan Fallon
|
0-0: Ball 1-0: Called Strike 1-1: Ball 2-1: Foul Ball, location: 2F 2-2: Ball 3-2: DOUBLE (Groundball, 3L, EV 100.0 MPH) Kyung-jin Cho to third Kyung-jin Cho scores
|
|
Batting: SHB Dylan Novakowski
|
0-0: Called Strike 0-1: Foul Ball, location: 2F 0-2: Strikes out swinging
|
| Bottom of the 5th over - 1 run, 1 hit, 0 errors, 1 left on base; Philadelphia 3 - Washington 7 |
| TOP OF THE 6TH |
|
Philadelphia Phillies batting - Pitching for Washington Nationals : RHP Cory Jones
|
|
Batting: RHB Josh Hensley
|
0-0: Foul Ball, location: 2F 0-1: Called Strike 0-2: Ball 1-2: Foul Ball, location: 2F 1-2: Ball 2-2: Strikes out looking
|
|
Batting: LHB Ryan Trombley
|
0-0: Called Strike 0-1: Called Strike 0-2: Strikes out swinging
|
|
Batting: SHB Phuck II
|
0-0: Ball 1-0: Foul Ball, location: 2F 1-1: Ground out U3 (Groundball, 34S, EV 86.9 MPH)
|
| Top of the 6th over - 0 runs, 0 hits, 0 errors, 0 left on base; Philadelphia 3 - Washington 7 |
| BOTTOM OF THE 6TH |
|
Washington Nationals batting - Pitching for Philadelphia Phillies : RHP David LaBounty
|
|
Batting: RHB Tommy Baird
|
0-0: Ball 1-0: Called Strike 1-1: Ball 2-1: Swinging Strike 2-2: Foul Ball, location: 2F 2-2: Foul Ball, location: 2F 2-2: Ball 3-2: Strikes out swinging
|
|
Pitching: LHP Ignacio Amaya
|
|
|
Batting: RHB Dave Vargas
|
0-0: Swinging Strike 0-1: Ball 1-1: Ball 2-1: Foul Ball, location: 2F 2-2: SOLO HOME RUN (Flyball, 9D, EV 96.9 MPH), Distance : 363 ft
|
|
Batting: LHB Seth Cook
|
0-0: SINGLE (Line Drive, 78M, EV 93.8 MPH)
|
|
Batting: RHB John Sanders
|
0-0: Ball 1-0: Swinging Strike 1-1: Ball 2-1: Fly out, F8 (Flyball, 89D, EV 84.4 MPH)
|
|
Batting: LHB Kyung-jin Cho
|
0-0: SINGLE (Groundball, 5D, EV 106.9 MPH) Seth Cook to second Runner from 2nd tries for 3rd, OUT! 7-5
|
| Bottom of the 6th over - 1 run, 3 hits, 0 errors, 1 left on base; Philadelphia 3 - Washington 8 |
| TOP OF THE 7TH |
|
Philadelphia Phillies batting - Pitching for Washington Nationals : RHP Cory Jones
|
|
Batting: LHB Cody Schumacher
|
0-0: Called Strike 0-1: Fly out, F8 (Line Drive, 8LM, EV 99.4 MPH)
|
|
Batting: SHB Lance Franklin
|
0-0: Ball 1-0: Foul Ball, location: 2F 1-1: Ball 2-1: SOLO HOME RUN (Flyball, 9D, EV 95.6 MPH), Distance : 362 ft
|
|
Batting: LHB Nick Canizales
|
0-0: Called Strike 0-1: Ball 1-1: Foul Ball, location: 2F 1-2: Foul Ball, location: 2F 1-2: Foul Ball, location: 2F 1-2: Foul Ball, location: 2F 1-2: Foul Ball, location: 2F 1-2: Ball 2-2: Strikes out looking
|
|
Batting: RHB Chef Belew
|
0-0: Called Strike 0-1: Ball 1-1: Ball 2-1: Foul Ball, location: 2F 2-2: SINGLE (Groundball, 6MD, EV 101.2 MPH)
|
|
Batting: RHB Mike Hanks
|
0-0: Ball 1-0: Swinging Strike 1-1: Ground out 6-3 (Groundball, 6M, EV 88.1 MPH)
|
| Top of the 7th over - 1 run, 2 hits, 0 errors, 1 left on base; Philadelphia 4 - Washington 8 |
| BOTTOM OF THE 7TH |
|
Washington Nationals batting - Pitching for Philadelphia Phillies : LHP Ignacio Amaya
|
|
Pitching: RHP Marcos Tapia
|
|
|
Batting: RHB Kirk Arp
|
0-0: Ball 1-0: Foul Ball, location: 2F 1-1: Ball 2-1: Ground out 5-3 (Groundball, 56, EV 80.6 MPH)
|
|
Batting: LHB Bob Melley
|
0-0: Fly out, F9 (Flyball, 9, EV 91.9 MPH)
|
|
Batting: RHB Dan Fallon
|
0-0: Called Strike 0-1: Swinging Strike 0-2: Ball 1-2: Foul Ball, location: 2F 1-2: Foul Ball, location: 2F 1-2: Foul Ball, location: 2F 1-2: Strikes out swinging
|
| Bottom of the 7th over - 0 runs, 0 hits, 0 errors, 0 left on base; Philadelphia 4 - Washington 8 |
| TOP OF THE 8TH |
|
Philadelphia Phillies batting - Pitching for Washington Nationals : RHP Cory Jones
|
|
Pitching: RHP Chris Doty
|
|
|
Batting: LHB Osamu Kubo
|
0-0: Ball 1-0: Called Strike 1-1: Foul Ball, location: 2F 1-2: Foul Ball, location: 2F 1-2: Strikes out looking
|
|
Batting: RHB Josh Hensley
|
0-0: Called Strike 0-1: Foul Ball, location: 2F 0-2: Strikes out looking
|
|
Batting: LHB Ryan Trombley
|
0-0: Ball 1-0: Ball 2-0: Ball 3-0: Base on Balls
|
|
Batting: SHB Phuck II
|
0-0: Foul Ball, location: 2F 0-1: SINGLE (Line Drive, 34, EV 95.0 MPH) Ryan Trombley to second
|
|
Batting: LHB Cody Schumacher
|
0-0: Ball 1-0: Ball 2-0: Ball 3-0: Called Strike 3-1: Called Strike 3-2: Foul Ball, location: 2F 3-2: Strikes out swinging
|
| Top of the 8th over - 0 runs, 1 hit, 0 errors, 2 left on base; Philadelphia 4 - Washington 8 |
| BOTTOM OF THE 8TH |
|
Washington Nationals batting - Pitching for Philadelphia Phillies : RHP Marcos Tapia
|
|
Pitching: RHP Ken Tetzlaff
|
|
|
Batting: SHB Dylan Novakowski
|
0-0: Ball 1-0: Ball 2-0: Ball 3-0: Base on Balls
|
|
Batting: RHB Tommy Baird
|
0-0: Ball 1-0: Ball Dylan Novakowski steals 2nd base 2-0: 2-RUN HOME RUN (Flyball, 9D, EV 101.2 MPH), Distance : 376 ft
|
|
Batting: RHB Dave Vargas
|
0-0: Called Strike 0-1: Ball 1-1: Ball 2-1: Called Strike 2-2: Ball 3-2: Foul Ball, location: 2F 3-2: Foul Ball, location: 2F 3-2: Base on Balls
|
|
Batting: LHB Seth Cook
|
0-0: Ball 1-0: Ball 2-0: Called Strike 2-1: Ball Dave Vargas is caught stealing 2nd base 2-6 3-1: Swinging Strike 3-2: Base on Balls
|
|
Pitching: RHP Lucas McPhillie
|
|
|
Batting: RHB John Sanders
|
0-0: Ball 1-0: Swinging Strike 1-1: Swinging Strike 1-2: Foul Ball, location: 2F 1-2: Ball 2-2: Foul Ball, location: 2F 2-2: Ball 3-2: Strikes out swinging Seth Cook steals 2nd base Batter strikes out.
|
|
Batting: LHB Kyung-jin Cho
|
0-0: Called Strike 0-1: Ball 1-1: Ball 2-1: Swinging Strike 2-2: Foul Ball, location: 2F 2-2: Ball 3-2: Foul Ball, location: 2F 3-2: Foul Ball, location: 2F 3-2: Base on Balls
|
|
Batting: RHB Kirk Arp
|
0-0: Ball 1-0: Ball 2-0: Ball 3-0: Base on Balls Seth Cook to third Kyung-jin Cho to second
|
|
Batting: LHB Bob Melley
|
0-0: Called Strike 0-1: Called Strike 0-2: Ball 1-2: Ball 2-2: Ball 3-2: Foul Ball, location: 2F 3-2: Base on Balls Seth Cook scores Kyung-jin Cho to third Kirk Arp to second
|
|
Pitching: RHP Andy Burchfield
|
|
|
Batting: RHB Dan Fallon
|
0-0: Ball 1-0: Called Strike 1-1: Called Strike 1-2: Fly out, F9 (Flyball, 89S, EV 93.8 MPH)
|
| Bottom of the 8th over - 3 runs, 1 hit, 0 errors, 3 left on base; Philadelphia 4 - Washington 11 |
| TOP OF THE 9TH |
|
Philadelphia Phillies batting - Pitching for Washington Nationals : RHP Chris Doty
|
|
Batting: SHB Lance Franklin
|
0-0: Ball 1-0: Foul Ball, location: 2F 1-1: Swinging Strike 1-2: Ground out 6-3 (Groundball, 6, EV 88.8 MPH)
|
|
Batting: LHB Nick Canizales
|
0-0: Ball 1-0: Foul Ball, location: 2F 1-1: Foul Ball, location: 2F 1-2: Foul Ball, location: 2F 1-2: Strikes out looking
|
|
Batting: RHB Chef Belew
|
0-0: Ball 1-0: Ball 2-0: Ball 3-0: Called Strike 3-1: Called Strike 3-2: Base on Balls
|
|
Batting: RHB Mike Hanks
|
0-0: Ball Wild Pitch! Chef Belew to second 1-0: Ground out 6-3 (Groundball, 6, EV 90.6 MPH)
|
| Top of the 9th over - 0 runs, 0 hits, 0 errors, 1 left on base; Philadelphia 4 - Washington 11 |
|